 Dungeon Crawl Stone Soup version 0.29-a0-219-g0a02b1cf4f (webtiles) character file.

Game seed: 13754613571570871488

18340 spaghetti the Fencer (level 12, -6/97 HPs)
             Began as a Naga Berserker on Feb 25, 2022.
             Was an Elder of Trog.
             Mangled by a boulder beetle (18 damage)
             ... while paralysed by an ogre mage
             ... on level 12 of the Dungeon.
             The game lasted 00:23:05 (15390 turns).

spaghetti the Fencer (Naga Berserker)              Turns: 15390, Time: 00:23:05

Health: -6/97      AC: 11    Str: 28      XL:     12   Next: 57%
Magic:  21/21      EV:  1    Int:  7      God:    Trog [****..]
Gold:   274        SH:  0    Dex: 19 (21) Spells: 11/11 levels left

rFire   x . .      SeeInvis +   a - +2 dagger (elec) {short}
rCold   + . .      Faith    .   (no shield)
rNeg    + + +      Spirit   .   s - +2 ring mail of Okawaru's Castigation {rC+ Dex+2}
rPois   +          Reflect  .   r - +1 hat
rElec   .          Harm     .   l - +0 cloak
rCorr   .          Rampage  .   k - +0 pair of gloves of Vuocixez {Str+4}
Will    +....                   (no barding)
Stlth   +.........              L - amulet of regeneration {@e2}
HPRegen 1.06/turn               e - ring "Seclen" {rF- rN+++ Dex+5 Slay+4}
MPRegen 0.17/turn               R - ring of magical power

@: paralysed, on berserk cooldown, slowed, very slow
A: AC +4, large, see invisible, deformed body, poison resistance, slowness 2,
spit poison 1, naga tail 1, agile 1, deterioration 1, noise suppression
a: Spit Poison, Renounce Religion, Berserk, Trog's Hand, Brothers in Arms


You were on level 12 of the Dungeon.
You worshipped Trog.
Trog was greatly pleased with you.
You visited 1 branch of the dungeon, and saw 12 of its levels.

You collected 712 gold pieces.
You spent 438 gold pieces at shops.


Innate Abilities, Weirdness & Mutations

Your serpentine skin is tough. (AC +4)
You have supernaturally acute eyesight. (SInv)
Armour fits poorly on your strangely shaped body.
Your system is resistant to poisons. (rPois)
You cover ground very slowly.
You can spit poison.
You have a snake-like lower body.
You are agile. (Dex +2)
Your body sometimes deteriorates upon taking damage.
You passively dampen the noise of your surroundings.


   Skills:
 - Level 3.0 Fighting
 + Level 19.2 Long Blades
 - Level 5.0 Throwing
 - Level 1.5 Armour
 - Level 1.5 Dodging


You had 11 spell levels left.
You didn't know any spells.
Your spell library contained the following spells:

 Spells                   Type           Power      Damage    Failure   Level
 Magic Dart               Conj           0%         1d3       56%         1
 Sting                    Tmut/Pois      0%         1d3       56%         1
 Poisonous Vapours        Pois/Air       0%         N/A       71%         2
 Searing Ray              Conj           0%         2d4       71%         2
 Static Discharge         Conj/Air       0%         N/A       71%         2
 Fulminant Prism          Conj/Hex       0%         3d6       100%        4
 Olgreb's Toxic Radiance  Pois           0%         N/A       100%        4
 Lightning Bolt           Conj/Air       0%         1d11      100%        5
 Maxwell's Capacitive Co  Air            0%         ∞         100%        8

Inventory:

Hand Weapons
 a - a +2 dagger of electrocution (weapon) {short}
   (You took it off a kobold brigand on level 9 of the Dungeon)
 b - a +5 shortbow of freezing {bow}
   (You found it on level 10 of the Dungeon)
 D - a +2 dagger of venom {short}
   (You took it off an orc wizard on level 7 of the Dungeon)
 E - a +3 falchion {long}
   (You took it off a wight on level 8 of the Dungeon)
 G - a +0 great sword {long}
   (You took it off a wight on level 8 of the Dungeon)
Missiles
 c - 389 stones {throwing}
 h - 13 boomerangs (quivered) {throwing}
 B - 83 poisoned darts {throwing}
 H - 4 throwing nets {=f!fthrowing}
 O - 4 curare-tipped darts {=fthrowing}
Armour
 k - the +0 pair of gloves of Vuocixez (worn) {Str+4}
   (You found it on level 2 of the Dungeon)

   Str:       It affects your strength (+4).
 l - a +0 cloak (worn)
   (You found it on level 10 of the Dungeon)
 n - a +0 helmet
   (You took it off Robin on level 2 of the Dungeon)
 r - a +1 hat (worn)
   (You found it on level 4 of the Dungeon)
 s - the +2 ring mail of Okawaru's Castigation (worn) {rC+ Dex+2}
   (You found it on level 5 of the Dungeon)

   Dex:       It affects your dexterity (+2).
   rC:        It protects you from cold.
 x - a +0 kite shield
   (You found it on level 5 of the Dungeon)
 F - a +0 animal skin
Jewellery
 e - the ring "Seclen" (left hand) {rF- rN+++ Dex+5 Slay+4}
   (You acquired it on level 6 of the Dungeon)

   [ring of slaying]

   Dex:       It affects your dexterity (+5).
   Slay:      It affects your accuracy & damage with ranged weapons and melee
   (+4).
   rF:        It makes you vulnerable to fire.
   rN:        It renders you almost immune to negative energy.
 q - a ring of fire
   (You found it on level 5 of the Dungeon)
 L - an amulet of regeneration (around neck) {@e2}
   (You found it on level 8 of the Dungeon)
 R - a ring of magical power (right hand)
   (You found it on level 11 of the Dungeon)
Wands
 o - a wand of flame (21)
   (You found it on level 5 of the Dungeon)
 y - a wand of paralysis (1)
   (You found it on level 6 of the Dungeon)
 M - a wand of iceblast (7)
   (You took it off Joseph on level 9 of the Dungeon)
 P - a wand of charming (4)
   (You found it on level 10 of the Dungeon)
 S - a wand of polymorph (4)
   (You found it on level 11 of the Dungeon)
Scrolls
 f - 5 scrolls of enchant armour
 i - 2 scrolls of amnesia
 j - 3 scrolls of teleportation {@r4}
 t - 2 scrolls of torment {!r}
 u - 3 scrolls of blinking {!r}
 A - 3 scrolls of silence {!r}
 N - a scroll of vulnerability {!r!r}
 T - a scroll of enchant weapon
 U - a scroll of magic mapping {!r}
 V - a scroll of holy word
Potions
 d - 3 potions of degeneration {!q@e2}
 g - 2 potions of flight
 m - 2 potions of attraction {!q}
 p - a potion of magic
 v - 3 potions of curing {@q1}
 w - 5 potions of haste {@q3}
 z - a potion of cancellation {unknown}
 I - a potion of brilliance {unknown}
 J - 2 potions of heal wounds {@q2}
 K - a potion of lignification {unknown}
 Q - a potion of invisibility {unknown}

Dungeon Overview and Level Annotations

Branches:
Dungeon (12/15)            Temple (0/1) D:7            Lair (0/6) D:10
    Orc (0/2) D:11

Altars:
Ashenzari
Cheibriados
Elyvilon
Fedhas
Gozag
Okawaru
Ru
Sif Muna
Uskayaw
Wu Jian
Xom
Zin

Shops:
D:11 ?

Annotations:
D:11 1 runed translucent door, ALWAYSlose's ghost, journeyman DsBe

### #$.# . . ... ..
..###.. .#
.......#######.# #.#
.......#..#..#.# #.#
##..h..#....# #.#
#...y@###...# #.#
#$.#OB......# #.#
####........# #.#
#........###.######
.....###............#
#.....#........####.#
....#..#..#.##### #.#
.....#######.# #.#
###$. #.# #>#


You could see a boulder beetle, an ogre mage, a vampire mosquito and a howler
monkey.


Message History

Lightning courses through the two-headed ogre!
The two-headed ogre barely misses you.
The two-headed ogre hits you with a +0 giant club!! 😮 HP[-22]
You take 22 damage, and now have 84/145 hp.
You puncture the two-headed ogre!
The howler monkey hoots and howls with incredible vigour!
You hear a howl!
You hear a shout! 😮 HP[+1]
You puncture the two-headed ogre!
Lightning courses through the two-headed ogre!
You kill the two-headed ogre!
Trog accepts your kill.
You feel your strength returning.
An ogre mage comes into view. It is wielding a +0 flail.
Things that are here:
a +0 giant club {mace}; a +0 giant club {mace}; a two-headed ogre corpse 😮 HP[+1]
You puncture the howler monkey! 😮 HP[+1]
You puncture the howler monkey!
You kill the howler monkey!
Trog accepts your kill.
A vampire mosquito comes into view.
The vampire mosquito buzzes angrily.
The howler monkey hits you but does no damage.
A howler monkey comes into view.
You see here a howler monkey corpse. 😮 HP[+1]
The howler monkey howls!
You puncture the howler monkey! You puncture the howler monkey!
You kill the howler monkey!
Trog accepts your kill. 😮 HP[+1]
Things that are here:
a +0 giant club {mace}; a +0 giant club {mace}; a two-headed ogre corpse 😮 HP[+1]
You hit the boulder beetle.
The howler monkey hoots and howls with incredible vigour!
The boulder beetle barely misses you.
You hear a shout!
You hear a howl!
You hear a shout!
You hit the boulder beetle. 😮 HP[+1]
You barely miss the boulder beetle. The vampire mosquito barely misses you.
You barely miss the boulder beetle.
The boulder beetle bites you but does no damage.
You hit the boulder beetle but do no damage.
The vampire mosquito barely misses you.
The howler monkey hoots and howls with incredible vigour!
You hear a shout! x2 😮 HP[+1]
You hit the boulder beetle but do no damage.
The vampire mosquito closely misses you.
You completely miss the boulder beetle.
The boulder beetle leaps! 😮 HP[+1]
You closely miss the vampire mosquito. The vampire mosquito barely misses you.
The howler monkey hoots and howls with incredible vigour!
You hit the ogre mage but do no damage.
The vampire mosquito bites you. 😮 HP[-1]
You take 1 damage, and now have 92/145 hp.
You puncture the ogre mage!
The boulder beetle curls into a ball and begins rolling!
The ogre mage barely misses you. 😮 HP[+1]
You puncture the ogre mage!
The vampire mosquito bites you. 😮 HP[-1]
You take 1 damage, and now have 92/145 hp.
You puncture the ogre mage!
Lightning courses through the ogre mage!
The vampire mosquito bites you.
You barely miss the ogre mage. The ogre mage casts a spell at you.
You suddenly lose the ability to move!
You are no longer berserk.
You feel yourself slow down.
The vampire mosquito bites you but does no damage.
The vampire mosquito bites you.
The ogre mage hits you but does no damage.
The vampire mosquito bites you.
The vampire mosquito bites you but does no damage.
The ogre mage hits you with a +0 flail. The boulder beetle hits you!!
* * * LOW HITPOINT WARNING * * *
The boulder beetle stops rolling and uncurls.
The vampire mosquito bites you but does no damage.
The howler monkey hoots and howls with incredible vigour!
The vampire mosquito barely misses you. The ogre mage casts a spell at you.
You easily resist.
The howler monkey hoots and howls with incredible vigour!
The boulder beetle bites you.
* * * LOW HITPOINT WARNING * * *
You hear an angry hiss.
The vampire mosquito bites you but does no damage. x2
The howler monkey hits you.
* * * LOW HITPOINT WARNING * * *
The ogre mage hits you with a +0 flail!
* * * LOW HITPOINT WARNING * * *
The boulder beetle bites you!!
You die...

Skill      XL: |  1  2  3  4  5  6  7  8  9 10 11 12 |
---------------+-------------------------------------+-----
Long Blades    | 4 5 6 7 10 12 15 17 19 | 19.2
Throwing       | 1 2 3 5 |  5.0
Fighting       | |  3.0
Armour         | |  1.5
Dodging        | |  1.5

Action                   |  1- 3 |  4- 6 |  7- 9 | 10-12 || total
-------------------------+-------+-------+-------+-------++-------
Melee: Falchion          |   111 |   185 |       |       ||   296
       Punch             |       |     3 |     6 |    16 ||    25
       Dagger            |       |    14 |   388 |   587 ||   989
 Fire: Shortbow          |       |       |       |     4 ||     4
Throw: Boomerang         |    16 |    24 |    13 |    65 ||   118
Invok: Trog's Hand       |       |     2 |       |       ||     2
       Berserk           |       |     3 |     7 |    19 ||    29
       Brothers in Arms  |       |       |     1 |       ||     1
 Abil: Spit Poison       |     9 |     1 |       |       ||    10
Evoke: Wand              |       |       |       |     1 ||     1
  Use: Potion            |       |     4 |     1 |       ||     5
       Scroll            |       |     2 |     9 |     4 ||    15
 Stab: Sleeping          |     1 |       |     1 |       ||     2
       Paralysed         |       |       |       |     2 ||     2
Armor: Animal skin       |    24 |   107 |    23 |       ||   154
       Ring mail         |       |       |    95 |   168 ||   263
Dodge: Dodged            |    71 |   136 |   149 |   189 ||   545

Levels and vault maps discovered:
D:1:      tarquinn_simple_flora_water_f, layout_loops_ring
D:2:      layout_rooms, hellmonk_ecumenical_altar_dog_temple, uniq_robin
D:3:      layout_loops_corners, amcnicky_mini_corridor_feature, minmay_rat_hole
D:4:      layout_basic, marbit_many_paths, chequers_serial_rivers_room_a,
          uniq_menkaure
D:5:      layout_loops_ring, cheibriados_altar_1, okawaru_gym_becter,
          chequers_mini_garden
D:6:      minmay_octagon_keep, layout_loops_corners,
          grunt_temple_overflow_order_and_chaos_1,
          nicolae_elyvilon_peaceful_grove, kennysheep_mini_moat,
          kennysheep_another_room, minmay_misc_feat_square, uniq_sigmund
D:7:      layout_rooms, lemuel_round_altar, minmay_temple_entry_mist,
          serial_aquarium, aquarium_bridge_square [aquarium_subvault_bridge,
          aquarium_subvault_window, aquarium_subvault_bridge,
          aquarium_subvault_wall], aquarium_bridge_long_joined
          [aquarium_subvault_wall, aquarium_subvault_balcony,
          aquarium_subvault_wall, aquarium_subvault_bridge,
          aquarium_subvault_bridge, aquarium_subvault_window],
          aquarium_window_fake, aquarium_window_2, aquarium_window_corridor_2,
          aquarium_window_fake, aquarium_view_2d, aquarium_pool_five
D:8:      layout_rooms, nicolae_gozag_cash_rules_everything_around_me
D:9:      layout_basic, fedhas_altar_3, evilmike_ruin_ashenzari,
          uniq_prince_ribbit1, uniq_joseph
D:10:     nzn_winding_woodlands_stair_cross [nzn_winding_woodlands_5x15_default,
          nzn_winding_woodlands_center_diamonds,
          nzn_winding_woodlands_5x15_pool, nzn_winding_woodlands_hourglass,
          nzn_winding_woodlands_5x5_open_star,
          nzn_winding_woodlands_5x15_zeroes, nzn_winding_woodlands_center_lodge,
          nzn_winding_woodlands_5x15_pockets], layout_rooms,
          nicolae_ru_great_annihilating_truth, small_statue_intersection,
          minivault_27
D:11:     layout_roguey, orc_0_dummy, serial_shops, kennysheep_little_box,
          special_room [special_room_kobold], hellmonk_ghost_big_iron,
          minmay_misc_feat_rugged, uniq_harold
D:12:     hangedman_cross_cluster, layout_loops_ring, uniq_maurice

Notes
Turn   | Place    | Note
-------+----------+-------------------------------------------
     0 | D:1      | spaghetti the Naga Berserker began the quest for the Orb.
     0 | D:1      | Reached XP level 1. HP: 21/21 MP: 1/1
     0 | D:1      | magus.rc [v1.9.6]
    16 | D:1      | You add the spells Sting, Poisonous Vapours and Olgreb's
                  | Toxic Radiance to your library.
   102 | D:1      | HP: 5/21 [dart slug/slug dart (5)]
   442 | D:1      | Reached XP level 2. HP: 27/28 MP: 2/2
   786 | D:1      | Reached skill level 4 in Long Blades
  1055 | D:1      | Reached XP level 3. HP: 33/34 MP: 3/3
  1507 | D:2      | Reached ** piety under Trog
  1519 | D:2      | Identified the +0 pair of gloves of Vuocixez {Str+4}
  1618 | D:2      | Reached skill level 1 in Throwing
  1843 | D:2      | Found a faded altar of an unknown god.
  2123 | D:2      | Reached XP level 4. HP: 39/39 MP: 4/4
  2222 | D:2      | Noticed Robin
  2238 | D:2      | Killed Robin
  2240 | D:2      | HP: 14/61 [goblin/+0 club[Robin] (5)]
  2641 | D:3      | Reached skill level 2 in Throwing
  2645 | D:3      | Reached *** piety under Trog
  2661 | D:3      | Reached XP level 5. HP: 23/49 MP: 5/5
  3363 | D:3      | Reached skill level 5 in Long Blades
  3458 | D:3      | You pick up a book of Conjurations {forbidden@e2} and begin
                  | reading...
  3458 | D:3      | You add the spells Magic Dart, Searing Ray and Fulminant
                  | Prism to your library.
  3969 | D:4      | Noticed a water moccasin
  3974 | D:4      | Killed a water moccasin
  3975 | D:4      | Reached skill level 3 in Throwing
  3975 | D:4      | Reached XP level 6. HP: 54/56 MP: 6/6
  4190 | D:4      | Reached skill level 6 in Long Blades
  4190 | D:4      | Reached XP level 7. HP: 32/62 MP: 7/7
  4567 | D:4      | Gained mutation: You passively dampen the noise of your
                  | surroundings. [potion of mutation]
  4567 | D:4      | Gained mutation: Your body sometimes deteriorates upon
                  | taking damage. [potion of mutation]
  4567 | D:4      | Gained mutation: You are agile. (Dex +2) [potion of
                  | mutation]
  4599 | D:4      | Identified a scroll of acquirement
  5261 | D:4      | Reached skill level 4 in Throwing
  5288 | D:4      | Found a hide-covered altar of Uskayaw.
  5333 | D:4      | Noticed Menkaure
  5344 | D:4      | Killed Menkaure
  5793 | D:5      | Entered Level 5 of the Dungeon
  6016 | D:5      | Found an iron altar of Okawaru.
  6125 | D:5      | Found a snail-covered altar of Cheibriados.
  6152 | D:5      | Identified the +2 ring mail of Okawaru's Castigation {rC+
                  | Dex+2}
  6211 | D:5      | Reached skill level 7 in Long Blades
  6211 | D:5      | Reached skill level 5 in Throwing
  6211 | D:5      | Reached XP level 8. HP: 37/69 MP: 8/8
  6831 | D:5      | Reached skill level 8 in Long Blades
  7241 | D:6      | Found an ornate altar of the Wu Jian Council.
  7539 | D:6      | Reached skill level 9 in Long Blades
  8138 | D:6      | Reached skill level 10 in Long Blades
  8138 | D:6      | Reached XP level 9. HP: 74/75 MP: 9/9
  8370 | D:6      | Found a white marble altar of Elyvilon.
  8436 | D:6      | Reached **** piety under Trog
  8570 | D:6      | Noticed an angel
  8572 | D:6      | Found a glowing silver altar of Zin.
  8573 | D:6      | Found a shimmering altar of Xom.
  8799 | D:6      | Noticed Sigmund
  8809 | D:6      | Killed Sigmund
  8821 | D:6      | Reached skill level 11 in Long Blades
  8903 | D:6      | Acquired the ring "Seclen" {rF- rN+++ Dex+5 Slay+4}
  8959 | D:7      | Found a staircase to the Ecumenical Temple.
  9017 | D:7      | Found a shimmering blue altar of Sif Muna.
  9368 | D:7      | Noticed a seven-headed hydra
  9377 | D:7      | Killed a seven-headed hydra
  9378 | D:7      | Reached skill level 12 in Long Blades
  9484 | D:7      | Reached XP level 10. HP: 48/84 MP: 10/10
  9677 | D:7      | Reached skill level 13 in Long Blades
 10748 | D:8      | Reached skill level 14 in Long Blades
 10825 | D:8      | Found an opulent altar of Gozag.
 11287 | D:9      | Found a broken altar of Ashenzari.
 11323 | D:9      | Noticed Prince Ribbit
 11336 | D:9      | Killed Prince Ribbit
 11358 | D:9      | Noticed Joseph
 11375 | D:9      | Killed Joseph
 11466 | D:9      | Found a blossoming altar of Fedhas.
 11976 | D:10     | Entered Level 10 of the Dungeon
 11980 | D:10     | Noticed a two-headed ogre
 11991 | D:10     | Reached skill level 15 in Long Blades
 12002 | D:10     | Killed a two-headed ogre
 12003 | D:10     | Reached XP level 11. HP: 53/90 MP: 11/11
 12047 | D:10     | Noticed a two-headed ogre
 12047 | D:10     | Noticed a cyclops
 12049 | D:10     | Noticed an ogre mage
 12275 | D:10     | Killed an ogre mage
 12453 | D:10     | Reached skill level 16 in Long Blades
 12459 | D:10     | Killed a two-headed ogre
 12711 | D:10     | Killed a cyclops
 12853 | D:10     | Noticed a two-headed ogre
 12862 | D:10     | Killed a two-headed ogre
 13076 | D:10     | Found a staircase to the Lair.
 13180 | D:10     | Found a sacrificial altar of Ru.
 13289 | D:10     | Reached skill level 17 in Long Blades
 13457 | D:10     | Noticed a necromancer
 13457 | D:10     | Noticed a six-headed hydra
 13466 | D:10     | Killed a six-headed hydra
 13472 | D:10     | Killed a necromancer
 13708 | D:10     | Noticed a stone giant
 13718 | D:10     | Killed a stone giant
 14019 | D:10     | Reached XP level 12. HP: 83/97 MP: 12/12
 14068 | D:11     | Noticed ALWAYSlose's ghost (journeyman DsBe)
 14073 | D:11     | Found a runed translucent door.
 14198 | D:11     | Reached skill level 18 in Long Blades
 14198 | D:11     | Found a staircase to the Orcish Mines.
 14310 | D:11     | Noticed a two-headed ogre
 14319 | D:11     | Killed a two-headed ogre
 14477 | D:11     | Noticed Harold
 14501 | D:11     | Killed Harold
 14746 | D:11     | Found Varhim's Magic Scroll Shoppe.
 14896 | D:11     | Bought a scroll of enchant weapon for 90 gold pieces
 14896 | D:11     | Bought a scroll of teleportation for 36 gold pieces
 14896 | D:11     | Bought a scroll of magic mapping for 42 gold pieces
 14896 | D:11     | Bought a scroll of holy word for 90 gold pieces
 14896 | D:11     | Bought a scroll of enchant armour for 90 gold pieces
 14896 | D:11     | Bought a scroll of blinking for 90 gold pieces
 15083 | D:11     | You pick up a book of Lightning {forbidden} and begin
                  | reading...
 15083 | D:11     | You add the spells Static Discharge, Lightning Bolt and
                  | Maxwell's Capacitive Coupling to your library.
 15155 | D:11     | Reached skill level 19 in Long Blades
 15361 | D:12     | Noticed a two-headed ogre
 15361 | D:12     | Noticed a boulder beetle
 15366 | D:12     | Killed a two-headed ogre
 15367 | D:12     | Noticed an ogre mage
 15386 | D:12     | Paralysed by an ogre mage for 5 turns
 15388 | D:12     | HP: 24/97 [boulder beetle (29)]
 15390 | D:12     | Mangled by a boulder beetle

Vanquished Creatures
  A stone giant (D:10)
  Harold (D:11)
  A hydra (D:10)
  5 two-headed ogres
  An ogre mage (D:10)
  A manticore (D:11)
  A necromancer (D:10)
  2 cyclopes
  Joseph (D:9)
  A kobold demonologist (D:11)
  2 trolls
  2 hornets (D:10)
  Prince Ribbit (D:9)
  Sigmund (D:6)
  A vampire (D:10)
  13 yaks
  A wraith (D:9)
  A shadow (D:10)
  5 wyverns
  A steam dragon (D:8)
  Menkaure (D:4)
  An acid dragon (D:11)
  5 water moccasins
  4 ice beasts
  4 orc warriors
  2 sky beasts (D:6)
  2 ogres (D:5)
  2 necrophages
  6 centaurs
  4 bullfrogs
  2 gnoll sergeants
  14 kobold brigands
  3 scorpions (D:6)
  A killer bee (D:10)
  8 wights
  10 howler monkeys
  A jelly (D:6)
  2 hounds
  A gnoll shaman (D:10)
  4 orc priests
  5 iguanas
  11 orc wizards
  Robin (D:2)
  10 adders
  11 gnolls
  A white imp (D:6)
  A howler monkey simulacrum (D:10)
  3 worms
  6 dart slugs
  35 orcs
  8 ball pythons
  5 bats
  2 endoplasms
  5 giant cockroaches
  10 hobgoblins
  4 jackals (D:2)
  5 quokkas
  3 frilled lizards
  15 goblins
  17 kobolds
  27 rats
305 creatures vanquished.

Vanquished Creatures (collateral kills)
  A hydra (D:7)
  A kobold (D:7)
2 creatures vanquished.

Vanquished Creatures (others)
  A butterfly (D:6)
  7 fungi (D:9)
  2 plants (D:11)
10 creatures vanquished.

Grand Total: 317 creatures vanquished

Table legend:
 A = Non-vault XP
 B = Vault XP
 C = Vault XP percentage of total XP
 D = Non-vault monster count
 E = Vault monster count
 F = Vault count percentage of total count
                 A         B        C        D         E       F
            +---------+---------+-------+---------+---------+-------
      Total |   12851 |   13350 |  51.0 |     212 |      95 |  30.9
            +---------+---------+-------+---------+---------+-------
        D:1 |      53 |       0 |   0.0 |      24 |       0 |   0.0
        D:2 |      48 |      40 |  45.5 |      20 |      15 |  42.9
        D:3 |      42 |      20 |  32.3 |      14 |      19 |  57.6
        D:4 |     491 |     215 |  30.5 |      28 |       2 |   6.7
        D:5 |     570 |       0 |   0.0 |      14 |       0 |   0.0
        D:6 |     841 |     780 |  48.1 |      16 |      11 |  40.7
        D:7 |    2099 |       0 |   0.0 |      29 |       0 |   0.0
        D:8 |    1691 |       0 |   0.0 |      23 |       0 |   0.0
        D:9 |     716 |     719 |  50.1 |       8 |       2 |  20.0
       D:10 |    1718 |    8362 |  83.0 |      18 |      29 |  61.7
       D:11 |    4471 |    2401 |  34.9 |      16 |      16 |  50.0
       D:12 |     111 |     813 |  88.0 |       2 |       1 |  33.3
            +---------+---------+-------+---------+---------+-------

Illustrated notes

Table legend:
 A = Kills in this place as a percentage of kills in entire the game.
 B = Kills by you in this place as a percentage of kills by you in the entire game.
 C = Kills by friends in this place as a percentage of kills by friends in the entire game.
 D = Other kills in this place as a percentage of other kills in the entire game.
 E = Experience gained in this place as a percentage of experience gained in the entire game.
 F = Experience gained in this place divided by the number of levels of this place that you have seen.
                   A       B       C       D       E      F
               +-------+-------+-------+-------+-------+----------------------
         Total | 100.0 | 100.0 | 100.0 |   N/A | 100.0 | 2183.4
       Dungeon | 100.0 | 100.0 | 100.0 |   N/A | 100.0 | 2183.4
               +-------+-------+-------+-------+-------+----------------------

Table legend: (Time is in decaauts)
 A = Elapsed time spent in this place.
 B = Non-inter-level travel time spent in this place.
 C = Inter-level travel time spent in this place.
 D = Time resting spent in this place.
 E = Time spent auto-exploring this place.
 F = Levels seen in this place.
 G = Mean time per level.
                   A        B        C        D        E       F      G
               +--------+--------+--------+--------+--------+-----+--------+
         Total |  18123 |  17433 |    690 |   5156 |  10098 |  12 | 1510.2 |
       Dungeon |  18123 |  17433 |    690 |   5156 |  10098 |  12 | 1510.2 |
               +--------+--------+--------+--------+--------+-----+--------+

Top non-repeatable levels by time:
     D:4: 2352 daAuts
     D:6: 2146 daAuts
    D:10: 1986 daAuts
     D:1: 1707 daAuts
     D:3: 1618 daAuts
     D:5: 1607 daAuts
     D:7: 1551 daAuts
    D:11: 1543 daAuts
     D:9: 1311 daAuts
     D:2: 1175 daAuts
     D:8: 1039 daAuts
    D:12: 83 daAuts
